TOP OF THE 1ST |
State College Spikes batting - Pitching for Milwaukee (NYP) Brewers : RHP Brad Nathan
|
Pitching: RHP Brad Nathan
|
|
Batting: RHB Ben Politi
|
0-0: Foul Ball, location: 2F 0-1: Ground out 5-3 (Groundball, 56, EV 103.8 MPH)
|
Batting: RHB Shou-feng Chang
|
0-0: Called Strike 0-1: Ball 1-1: Swinging Strike 1-2: Ground out 5-3 (Groundball, 56, EV 83.8 MPH)
|
Batting: RHB Juan Carrillo
|
0-0: Ball 1-0: Swinging Strike 1-1: Called Strike 1-2: SINGLE (Line Drive, 56D, EV 94.4 MPH)
|
Batting: LHB Ken Morehead
|
0-0: Called Strike 0-1: Ball 1-1: Ball 2-1: Ball 3-1: Base on Balls Juan Carrillo to second
|
Batting: RHB Nelson Salamanca
|
0-0: Ball 1-0: Swinging Strike 1-1: Swinging Strike 1-2: Ball 2-2: Strikes out swinging
|
Top of the 1st over - 0 runs, 1 hit, 0 errors, 2 left on base; State College 0 - Milwaukee (NYP) 0 |
BOTTOM OF THE 1ST |
Milwaukee (NYP) Brewers batting - Pitching for State College Spikes : LHP Eddie San Miguel
|
Pitching: LHP Eddie San Miguel
|
|
Batting: RHB Jose Cerritos
|
0-0: Ball 1-0: Called Strike 1-1: Ball 2-1: Ball 3-1: DOUBLE (Line Drive, 89D, EV 105.6 MPH)
|
Batting: RHB Lorenzo Diaz
|
0-0: Ball 1-0: Ground out 6-3 (Groundball, 6MS, EV 76.2 MPH) Jose Cerritos to third
|
Batting: RHB Tony Beaumond
|
0-0: Ball 1-0: Ball 2-0: Swinging Strike 2-1: Ball 3-1: Called Strike 3-2: Foul Ball, location: 2F 3-2: Ground out 6-3 (Groundball, 6, EV 82.5 MPH) Jose Cerritos scores
|
Batting: LHB Karel Hort
|
0-0: Ball 1-0: Ball 2-0: Called Strike 2-1: Ball 3-1: Ground out U3 (Groundball, 34, EV 91.9 MPH)
|
Bottom of the 1st over - 1 run, 1 hit, 0 errors, 0 left on base; State College 0 - Milwaukee (NYP) 1 |
TOP OF THE 2ND |
State College Spikes batting - Pitching for Milwaukee (NYP) Brewers : RHP Brad Nathan
|
Batting: RHB Jonathan Winkler
|
0-0: Called Strike 0-1: Ground out 6-3 (Groundball, 6, EV 92.5 MPH)
|
Batting: RHB Nick Latulippe
|
0-0: Ground out 4-3 (Groundball, 4, EV 90.6 MPH)
|
Batting: RHB Edgar Klockow
|
0-0: Swinging Strike 0-1: Swinging Strike 0-2: Strikes out swinging
|
Top of the 2nd over - 0 runs, 0 hits, 0 errors, 0 left on base; State College 0 - Milwaukee (NYP) 1 |
BOTTOM OF THE 2ND |
Milwaukee (NYP) Brewers batting - Pitching for State College Spikes : LHP Eddie San Miguel
|
Batting: LHB John Fortin
|
0-0: Ground out 6-3 (Groundball, 6MD, EV 109.4 MPH)
|
Batting: LHB Greg Reedy
|
0-0: Ground out 5-3 (Groundball, 5, EV 89.4 MPH)
|
Batting: RHB Wiliama Dana
|
0-0: Called Strike 0-1: Foul Ball, location: 2F 0-2: Foul Ball, location: 2F 0-2: Ball 1-2: Foul Ball, location: 2F 1-2: Strikes out looking
|
Bottom of the 2nd over - 0 runs, 0 hits, 0 errors, 0 left on base; State College 0 - Milwaukee (NYP) 1 |
TOP OF THE 3RD |
State College Spikes batting - Pitching for Milwaukee (NYP) Brewers : RHP Brad Nathan
|
Batting: RHB John James
|
0-0: Called Strike 0-1: Foul Ball, location: 2F 0-2: Strikes out swinging
|
Batting: RHB Ben Politi
|
0-0: Called Strike 0-1: Swinging Strike 0-2: Fly out, F3 (Line Drive, 3, EV 63.8 MPH)
|
Batting: RHB Shou-feng Chang
|
0-0: Ball 1-0: Called Strike 1-1: Called Strike 1-2: Ball 2-2: Ball 3-2: DOUBLE (Line Drive, 8LXD, EV 109.4 MPH)
|
Batting: RHB Juan Carrillo
|
0-0: Swinging Strike 0-1: Ball 1-1: SINGLE (Flyball, 4MD, EV 91.2 MPH) Shou-feng Chang to third Runner from 3rd tries for Home, SAFE, throw by CF to home
|
Batting: LHB Ken Morehead
|
0-0: Called Strike 0-1: Ball Juan Carrillo steals 2nd base 1-1: Ball 2-1: Called Strike 2-2: Ball 3-2: Fly out, F9 (Flyball, 9S, EV 90.0 MPH)
|
Top of the 3rd over - 1 run, 2 hits, 0 errors, 1 left on base; State College 1 - Milwaukee (NYP) 1 |
BOTTOM OF THE 3RD |
Milwaukee (NYP) Brewers batting - Pitching for State College Spikes : LHP Eddie San Miguel
|
Batting: RHB Juan Villanueva
|
0-0: Fly out, F9 (Line Drive, 9, EV 85.6 MPH)
|
Batting: LHB Dusty Bryant
|
0-0: Ball 1-0: Ball 2-0: Called Strike 2-1: Ball 3-1: Foul Ball, location: 2F 3-2: Foul Ball, location: 2F 3-2: Foul Ball, location: 2F 3-2: Strikes out swinging
|
Batting: RHB Jose Cerritos
|
0-0: Ball 1-0: Called Strike 1-1: Foul Ball, location: 2F 1-2: Ball 2-2: Strikes out looking
|
Bottom of the 3rd over - 0 runs, 0 hits, 0 errors, 0 left on base; State College 1 - Milwaukee (NYP) 1 |
TOP OF THE 4TH |
State College Spikes batting - Pitching for Milwaukee (NYP) Brewers : RHP Brad Nathan
|
Batting: RHB Nelson Salamanca
|
0-0: Ball 1-0: Foul Ball, location: 2F 1-1: Swinging Strike 1-2: Strikes out swinging
|
Batting: RHB Jonathan Winkler
|
0-0: Foul Ball, location: 2F 0-1: Ball 1-1: Ball 2-1: Swinging Strike 2-2: Foul Ball, location: 2F 2-2: SINGLE (Groundball, 34D, EV 99.4 MPH)
|
Batting: RHB Nick Latulippe
|
0-0: Ball 1-0: Swinging Strike 1-1: Called Strike 1-2: Ball 2-2: Ball 3-2: Strikes out looking
|
Batting: RHB Edgar Klockow
|
0-0: Called Strike 0-1: Foul Ball, location: 2F 0-2: Foul Ball, location: 2F 0-2: Ball 1-2: Fly out, F3 (Popup, 23F, EV 85.0 MPH)
|
Top of the 4th over - 0 runs, 1 hit, 0 errors, 1 left on base; State College 1 - Milwaukee (NYP) 1 |
BOTTOM OF THE 4TH |
Milwaukee (NYP) Brewers batting - Pitching for State College Spikes : LHP Eddie San Miguel
|
Batting: RHB Lorenzo Diaz
|
0-0: Foul Ball, location: 2F 0-1: Foul Ball, location: 2F 0-2: Strikes out looking
|
Batting: RHB Tony Beaumond
|
0-0: Called Strike 0-1: Ball 1-1: Ball 2-1: Ball 3-1: Ground out 5-3 (Groundball, 5, EV 111.2 MPH)
|
Batting: LHB Karel Hort
|
0-0: Called Strike 0-1: Ball 1-1: Ball 2-1: Called Strike 2-2: Ball 3-2: SINGLE (Groundball, 4D, EV 94.4 MPH)
|
Batting: LHB John Fortin
|
0-0: Ball 1-0: Foul Ball, location: 2F 1-1: Ball 2-1: Called Strike 2-2: Ball 3-2: Foul Ball, location: 2F 3-2: Foul Ball, location: 2F 3-2: Foul Ball, location: 2F 3-2: Base on Balls Karel Hort to second
|
Batting: LHB Greg Reedy
|
0-0: Foul Ball, location: 2F 0-1: Ground out 6-3 (Groundball, 6S, EV 85.6 MPH)
|
Bottom of the 4th over - 0 runs, 1 hit, 0 errors, 2 left on base; State College 1 - Milwaukee (NYP) 1 |
TOP OF THE 5TH |
State College Spikes batting - Pitching for Milwaukee (NYP) Brewers : RHP Brad Nathan
|
Batting: RHB John James
|
0-0: SINGLE (Groundball, 6MD, EV 95.0 MPH)
|
Batting: RHB Ben Politi
|
0-0: Ball 1-0: Fly out, F9 (Flyball, 89D, EV 80.6 MPH)
|
Batting: RHB Shou-feng Chang
|
0-0: Ball 1-0: Ball 2-0: Ball 3-0: Called Strike 3-1: Foul Ball, location: 2F 3-2: Base on Balls John James to second
|
Batting: RHB Juan Carrillo
|
0-0: Ball 1-0: Called Strike 1-1: Fly out, F7 (Flyball, 7LM, EV 85.6 MPH)
|
Pitching: RHP Ryan Powers
|
|
Batting: LHB Ken Morehead
|
0-0: Called Strike 0-1: Called Strike 0-2: Ball 1-2: Foul Ball, location: 2F 1-2: Ball 2-2: Ball 3-2: Ground out 4-3 (Groundball, 34, EV 81.9 MPH)
|
Top of the 5th over - 0 runs, 1 hit, 0 errors, 2 left on base; State College 1 - Milwaukee (NYP) 1 |
BOTTOM OF THE 5TH |
Milwaukee (NYP) Brewers batting - Pitching for State College Spikes : LHP Eddie San Miguel
|
Batting: RHB Wiliama Dana
|
0-0: Ball 1-0: Ball 2-0: Ball 3-0: Called Strike 3-1: Foul Ball, location: 2F 3-2: Foul Ball, location: 2F 3-2: Strikes out swinging
|
Batting: RHB Juan Villanueva
|
0-0: Ball 1-0: Ball 2-0: SINGLE (Flyball, 6MD, EV 96.2 MPH)
|
Batting: LHB Dusty Bryant
|
0-0: Foul Ball, location: 2F 0-1: Called Strike 0-2: Strikes out swinging
|
Batting: RHB Jose Cerritos
|
0-0: Ball 1-0: Ball 2-0: Ball 3-0: Called Strike 3-1: Fly out, F8 (Flyball, 8LXD, EV 76.9 MPH)
|
Bottom of the 5th over - 0 runs, 1 hit, 0 errors, 1 left on base; State College 1 - Milwaukee (NYP) 1 |
TOP OF THE 6TH |
State College Spikes batting - Pitching for Milwaukee (NYP) Brewers : RHP Ryan Powers
|
Batting: RHB Nelson Salamanca
|
0-0: Called Strike 0-1: Swinging Strike 0-2: Ball 1-2: Fly out, F9 (Line Drive, 89M, EV 95.6 MPH)
|
Batting: RHB Jonathan Winkler
|
0-0: Ground out 4-3 (Groundball, 4M, EV 100.6 MPH)
|
Batting: RHB Nick Latulippe
|
0-0: Called Strike 0-1: Ground out 6-3 (Groundball, 6, EV 80.6 MPH)
|
Top of the 6th over - 0 runs, 0 hits, 0 errors, 0 left on base; State College 1 - Milwaukee (NYP) 1 |
BOTTOM OF THE 6TH |
Milwaukee (NYP) Brewers batting - Pitching for State College Spikes : LHP Eddie San Miguel
|
Batting: RHB Lorenzo Diaz
|
0-0: Ground out 4-3 (Groundball, 4, EV 78.8 MPH)
|
Batting: RHB Tony Beaumond
|
0-0: Foul Ball, location: 2F 0-1: Called Strike 0-2: Ball 1-2: Ball 2-2: Strikes out swinging
|
Batting: LHB Karel Hort
|
0-0: Ground out 4-3 (Groundball, 4S, EV 64.4 MPH)
|
Bottom of the 6th over - 0 runs, 0 hits, 0 errors, 0 left on base; State College 1 - Milwaukee (NYP) 1 |
TOP OF THE 7TH |
State College Spikes batting - Pitching for Milwaukee (NYP) Brewers : RHP Ryan Powers
|
Pinch Hitting: SHB Justin Houser
|
0-0: Called Strike 0-1: Ball 1-1: Foul Ball, location: 2F 1-2: Strikes out swinging
|
Batting: RHB John James
|
0-0: Ball 1-0: SINGLE (Line Drive, 56D, EV 96.9 MPH)
|
Pitching: LHP Keith Rogers
|
|
Batting: RHB Ben Politi
|
0-0: Swinging Strike 0-1: Ball 1-1: Foul Ball, location: 2F 1-2: Strikes out swinging
|
Batting: RHB Shou-feng Chang
|
0-0: Reached on error, E6 (Groundball, 6, EV 81.9 MPH) John James to second
|
Batting: RHB Juan Carrillo
|
0-0: Ball 1-0: Ball 2-0: Ball 3-0: Called Strike 3-1: Swinging Strike 3-2: Fly out, F4 (Popup, 4, EV 63.8 MPH)
|
Top of the 7th over - 0 runs, 1 hit, 1 error, 2 left on base; State College 1 - Milwaukee (NYP) 1 |
BOTTOM OF THE 7TH |
Milwaukee (NYP) Brewers batting - Pitching for State College Spikes : LHP Eddie San Miguel
|
Now in LF: Ken Compton
|
|
Batting: LHB John Fortin
|
0-0: Called Strike 0-1: Called Strike 0-2: Strikes out swinging
|
Batting: LHB Greg Reedy
|
0-0: Ball 1-0: Ball 2-0: Swinging Strike 2-1: Ball 3-1: Foul Ball, location: 2F 3-2: Base on Balls
|
Batting: RHB Wiliama Dana
|
0-0: Ball 1-0: Fielders Choice at 2nd, 4-6 (Groundball, 34, EV 80.0 MPH)
|
Batting: RHB Juan Villanueva
|
0-0: Ball Wiliama Dana steals 2nd, throwing error, E2 Wiliama Dana to third 1-0: Ball 2-0: Foul Ball, location: 2F 2-1: Ball 3-1: Base on Balls
|
Pitching: LHP Steve Young
|
|
Pinch Hitting: SHB Sam Bingham
|
0-0: Called Strike 0-1: Ball 1-1: Swinging Strike 1-2: Strikes out looking
|
Bottom of the 7th over - 0 runs, 0 hits, 1 error, 2 left on base; State College 1 - Milwaukee (NYP) 1 |
TOP OF THE 8TH |
State College Spikes batting - Pitching for Milwaukee (NYP) Brewers : LHP Keith Rogers
|
Now in RF: Steven Donovan
|
|
Batting: LHB Ken Morehead
|
0-0: Foul Ball, location: 2F 0-1: Called Strike 0-2: Foul Ball, location: 2F 0-2: Strikes out swinging
|
Batting: RHB Nelson Salamanca
|
0-0: Called Strike 0-1: Foul Ball, location: 2F 0-2: Ball 1-2: Ground out 4-3 (Groundball, 4MD, EV 88.8 MPH)
|
Batting: RHB Jonathan Winkler
|
0-0: Called Strike 0-1: Ball 1-1: Reached on error, E3 (Groundball, 34S, EV 80.0 MPH)
|
Pitching: RHP Cesar Pulido
|
|
Batting: RHB Nick Latulippe
|
0-0: Called Strike 0-1: Ball 1-1: Ball Wild Pitch! Jonathan Winkler to second 2-1: Foul Ball, location: 2F 2-2: Foul Ball, location: 2F 2-2: Ball 3-2: Base on Balls
|
Batting: LHB Ken Compton
|
0-0: Swinging Strike 0-1: Called Strike 0-2: Ball 1-2: Ball 2-2: Foul Ball, location: 2F 2-2: Ball 3-2: SINGLE (Groundball, 3D, EV 98.1 MPH) Jonathan Winkler to third Nick Latulippe to second Jonathan Winkler scores Nick Latulippe to third
|
Batting: RHB John James
|
0-0: Ball 1-0: Foul Ball, location: 2F 1-1: Ground out 4-3 (Groundball, 34, EV 84.4 MPH)
|
Top of the 8th over - 1 run, 1 hit, 1 error, 2 left on base; State College 2 - Milwaukee (NYP) 1 |
BOTTOM OF THE 8TH |
Milwaukee (NYP) Brewers batting - Pitching for State College Spikes : LHP Steve Young
|
Batting: RHB Jose Cerritos
|
0-0: Ball 1-0: Swinging Strike 1-1: Ball 2-1: Ground out 4-3 (Groundball, 4S, EV 80.6 MPH)
|
Batting: RHB Lorenzo Diaz
|
0-0: Called Strike 0-1: Ball 1-1: Foul Ball, location: 2F 1-2: Strikes out looking
|
Batting: RHB Tony Beaumond
|
0-0: Foul Ball, location: 2F 0-1: Swinging Strike 0-2: Ball 1-2: Strikes out swinging
|
Bottom of the 8th over - 0 runs, 0 hits, 0 errors, 0 left on base; State College 2 - Milwaukee (NYP) 1 |
TOP OF THE 9TH |
State College Spikes batting - Pitching for Milwaukee (NYP) Brewers : RHP Cesar Pulido
|
Batting: RHB Ben Politi
|
0-0: Ball 1-0: Ball 2-0: Called Strike 2-1: Called Strike 2-2: Ground out 3-1 (Groundball, 34S, EV 92.5 MPH)
|
Batting: RHB Shou-feng Chang
|
0-0: Called Strike 0-1: Foul Ball, location: 2F 0-2: Fly out, F8 (Flyball, 8RM, EV 88.1 MPH)
|
Batting: RHB Juan Carrillo
|
0-0: Ball 1-0: Swinging Strike 1-1: Ball 2-1: Foul Ball, location: 2F 2-2: Foul Ball, location: 2F 2-2: Ball 3-2: Strikes out swinging
|
Top of the 9th over - 0 runs, 0 hits, 0 errors, 0 left on base; State College 2 - Milwaukee (NYP) 1 |
BOTTOM OF THE 9TH |
Milwaukee (NYP) Brewers batting - Pitching for State College Spikes : LHP Steve Young
|
Pitching: RHP Jace Daniels
|
|
Batting: LHB Karel Hort
|
0-0: Swinging Strike 0-1: Ball 1-1: Swinging Strike 1-2: Strikes out swinging
|
Batting: LHB John Fortin
|
0-0: Ball 1-0: Called Strike 1-1: Called Strike 1-2: Ball 2-2: Fly out, F7 (Line Drive, 7D, EV 104.4 MPH)
|
Batting: LHB Greg Reedy
|
0-0: Called Strike 0-1: Called Strike 0-2: Ball 1-2: Ball 2-2: Ball 3-2: Foul Ball, location: 2F 3-2: Strikes out looking
|
Bottom of the 9th over - 0 runs, 0 hits, 0 errors, 0 left on base; State College 2 - Milwaukee (NYP) 1 |
|